 Dungeon Sprint DCSS version 0.16-a0-4097-gb4d75fa (webtiles) character file.

1307 Hedron the Grappler (level 8, -2/74 HPs)
             Began as a Troll Monk on Feb 25, 2015.
             Was a Believer of Cheibriados.
             Shot with an arrow by a centaur warrior (23 damage)
             ... in the Dungeon (Sprint I: "Red Sonja").
             The game lasted 00:06:11 (500 turns).

Hedron the Grappler (Troll Monk)                     Turns: 500, Time: 00:06:11

Health: -2/74      AC:  5    Str: 26    XL:     8   Next: 32%
Magic:  3/3        EV: 16    Int: 14    God:    Cheibriados [**....]
Gold:   246        SH:  0    Dex: 18    Spells: 0 memorised, 7 levels left

rFire  . . .     SeeInvis .       - Unarmed
rCold  . . .     Clarity  .     a - +0 robe
rNeg   . . .     SustAb   .     (shield restricted)
rPois  .         Gourm    +     (helmet restricted)
rElec  .         Spirit   .     (no cloak)
rCorr  .         Warding  .     (gloves unavailable)
rMut   .         NoTele   +     (boots unavailable)
MR     .....                    (no amulet)
Stlth  ++........               (no ring)
                                (no ring)

@: very slow, not resistant to hostile enchantments, unstealthy
A: unfitting armour, claws 3, fast metabolism 3, gourmand, regeneration 2,
shaggy fur 1, tough skin 2
a: Bend Time, Renounce Religion


You were in the Dungeon.
You worshipped Cheibriados.
Cheibriados was pleased with you.
You were not hungry.

You visited 1 branch You collected 621 gold pieces.
You spent 375 gold pieces at shops.

Inventory:

Hand weapons
 l - a +0 blowgun
Missiles
 m - 10 curare-tipped needles
Armour
 a - a +0 robe (worn)
Magical devices
 k - a wand of flame (29)
Scrolls
 e - 2 scrolls of recharging
 h - a scroll of blinking
 i - a scroll of identify
 j - 3 scrolls of remove curse
Potions
 c - a potion of curing
 d - a potion of heal wounds
 f - 2 potions of magic
 g - a potion of restore abilities
 p - a potion of lignification
Comestibles
 b - 2 meat rations
 o - a slice of pizza


   Skills:
 + Level 2.4 Fighting
 - Level 9.3 Dodging
 - Level 1.1 Stealth
 - Level 14.9 Unarmed Combat


You had 7 spell levels left.
You didn't know any spells.

Dungeon Overview and Level Annotations

Branches:
Dungeon (1/1)

Altars:
Cheibriados
Dithmenos
Elyvilon
Fedhas
Gozag
Kikubaaqudgha
Makhleb
Nemelex Xobeh
Okawaru
Qazlal
Ru
Sif Muna
Trog
Vehumet
Xom
Yredelemnul
Zin
The Shining One
Jiyva

Shops:
D ?


Innate Abilities, Weirdness & Mutations

You are too large for most types of armour.
You have claws for hands.
Your metabolism is lightning-fast.
You like to eat raw meat.
You heal very quickly.
You are covered in fur (AC +1).
You have very tough skin (AC +2).


Message History

Moving in this stuff is going to be slow.
A centaur warrior comes into view.
The centaur warrior shouts! x2
The centaur warrior wields a shortbow.
The centaur warrior shoots an arrow.
The arrow hits you!
You hear a splash.
The centaur warrior wields a longbow.
The centaur warrior shoots an arrow.
The arrow barely misses you.
You hear a splash.
The centaur warrior shoots an arrow.
The arrow hits you!!
The centaur warrior shoots an arrow.
The arrow closely misses you.
You hear a splash.
The centaur warrior shoots an arrow.
The arrow hits you!
* * * LOW HITPOINT WARNING * * *
You hear a splash.
Found a war axe and 12 gold pieces.
You see here 2 arrows.
You swap places.
Something barely misses your butterfly.
The centaur warrior shoots an arrow.
The arrow hits you!!
You die...

#####################************
<.#..)..#..'..#__#..+,,,*,,*,,,,+
..)..#..').#..'..'..#,,,**+*,****
..#####'#####'#__####,,,+,,*,*,**
..####..#...#.####§§#****,,+,*+*,
..#__####..##.#§≈§.§#,,**+****,,,
..#_..__##'#..+§§§c.+,,*,,,,,*,,,
⌠⌠#_.∩...'..._#§b§bc#,,*,,,,,+,,,
###_..._##_.#'##@####*+***,,,*,,,
,,#_____###)#!#b.(§#**,+,*,,,***+
**#########.####'###,***,*,,***,,
∩,,,,,,,,+...'.....+,∩**,*,,****,
**++++***#...#######****,**+*,,*,
,,,,,,,**##.##*,,,,,,,**,**,*,,,,
,,,,,,,,*,#+#,*,,,,,,,,+,****,,,,
,,*,,,,,*,,,,,*+++******,*,,+,,,,
,,,,,,,,*,,,,,*,,,,,,,,*,*****,,,


You could see a centaur warrior.

Vanquished Creatures
  A deep troll (D)
  Sonja (D)
  A slime creature (D)
  A yak (D)
  An ogre (D)
  Sigmund (D)
  A jelly (D)
  Ijyb (D)
8 creatures vanquished.

Notes
Turn   | Place    | Note
--------------------------------------------------------------
     0 | D        | Hedron, the Troll Monk, began the quest for the Orb.
     0 | D        | Reached XP level 1. HP: 22/22 MP: 1/1
     1 | D        | Noticed Ijyb
     7 | D        | Killed Ijyb
     7 | D        | Reached skill level 6 in Unarmed Combat
     7 | D        | Reached XP level 2. HP: 26/29 MP: 1/1
    41 | D        | Noticed an ogre
    47 | D        | Killed an ogre
    47 | D        | Reached skill level 9 in Unarmed Combat
    47 | D        | Reached XP level 3. HP: 2/36 MP: 2/2
    47 | D        | Reached XP level 4. HP: 2/44 MP: 2/2
   133 | D        | Noticed Sigmund
   136 | D        | Killed Sigmund
   136 | D        | Reached skill level 11 in Unarmed Combat
   136 | D        | Reached XP level 5. HP: 50/50 MP: 2/2
   155 | D        | Found a deep blue altar of Sif Muna.
   156 | D        | Noticed a jelly
   157 | D        | Found a radiant altar of Vehumet.
   161 | D        | Killed a jelly
   161 | D        | Reached skill level 12 in Unarmed Combat
   179 | D        | Found Dutsuxt's Magic Scroll Emporium.
   179 | D        | Found a white marble altar of Elyvilon.
   179 | D        | Found a stormy altar of Qazlal.
   179 | D        | Found a burning altar of Makhleb.
   179 | D        | Found a sacrificial altar of Ru.
   179 | D        | Found a basalt altar of Yredelemnul.
   179 | D        | Found a glowing golden altar of the Shining One.
   179 | D        | Found a sparkling altar of Nemelex Xobeh.
   179 | D        | Found a shimmering altar of Xom.
   179 | D        | Found an opulent altar of Gozag.
   179 | D        | Found an ancient bone altar of Kikubaaqudgha.
   179 | D        | Found a glowing silver altar of Zin.
   179 | D        | Noticed a yak
   185 | D        | Killed a yak
   185 | D        | Reached skill level 13 in Unarmed Combat
   185 | D        | Reached XP level 6. HP: 59/59 MP: 3/3
   186 | D        | Found an iron altar of Okawaru.
   187 | D        | Found a bloodstained altar of Trog.
   191 | D        | Bought a scroll of magic mapping for 35 gold pieces
   203 | D        | Found a snail-covered altar of Cheibriados.
   203 | D        | Found a viscous altar of Jiyva.
   203 | D        | Found a shadowy altar of Dithmenos.
   203 | D        | Found a blossoming altar of Fedhas.
   203 | D        | Noticed a slime creature
   210 | D        | HP: 2/88 [slime creature (21)]
   211 | D        | Killed a slime creature
   211 | D        | Reached skill level 14 in Unarmed Combat
   211 | D        | Reached XP level 7. HP: 2/66 MP: 3/3
   322 | D        | Became a worshipper of Cheibriados the Contemplative
   361 | D        | Bought a scroll of recharging for 95 gold pieces
   361 | D        | Bought a scroll of identify for 20 gold pieces
   361 | D        | Bought a scroll of recharging for 95 gold pieces
   361 | D        | Bought a scroll of identify for 20 gold pieces
   361 | D        | Bought a scroll of remove curse for 30 gold pieces
   361 | D        | Bought a scroll of remove curse for 30 gold pieces
   361 | D        | Bought a scroll of identify for 20 gold pieces
   361 | D        | Bought a scroll of remove curse for 30 gold pieces
   368 | D        | Noticed Sonja
   383 | D        | Killed Sonja
   435 | D        | Noticed a deep troll
   443 | D        | Killed a deep troll
   443 | D        | Reached XP level 8. HP: 49/74 MP: 3/3
   497 | D        | Noticed a centaur warrior
   499 | D        | Noticed a centaur warrior
   500 | D        | Shot with an arrow by a centaur warrior

Action                   |  1- 3 |  4- 6 |  7- 9 || total
-------------------------+-------+-------+-------++-------
Melee: Unarmed           |    10 |    15 |    12 ||    37
 Fire: Blowgun           |       |       |     1 ||     1
  Use: Scroll            |       |     1 |     5 ||     6
       Potion            |       |     1 |       ||     1
  Eat: Chunk             |     1 |     1 |       ||     2
